Get step-by-step instructions on how to execute this build order below. Start the game timer, and the build order will tick by so you can play in parallel with StarCraft on a second screen or mobile device.

Game Time

  0:00

Last Step

  N/A

Next Step

Upcoming Step



Don't want to look back and forth between 2 screens? Try out our Overwolf App, the Spawning Tool Build Advisor to get an in-game overlay with this build!

Complete Build Order

  12  0:00  Drone  
  13  0:12  Overlord  
  13  0:17  Drone  
  14  0:31  Drone x2  
  14  0:35  Drone  
  17  0:55  Hatchery  
  17  0:56  Drone  
  17  1:01  Drone  
  18  1:23  Drone x2  
  18  1:25  Extractor, Spawning Pool  
  18  1:29  Drone  
  19  1:40  Extractor, Drone  
  19  1:52  Drone  
  20  2:01  Overlord  
  20  2:11  Queen  
  20  2:12  Queen  
  20  2:13  Zergling x4  
  26  2:19  Drone  
  26  2:22  Drone  
  28  2:26  Metabolic Boost  
  28  2:29  Drone  
  29  2:33  Drone  
  30  2:40  Drone  
  30  2:43  Drone  
  32  2:49  Hatchery  
  31  2:54  Queen  
  33  3:00  Overlord  
  33  3:02  Drone  
  33  3:03  Drone  
  33  3:05  Drone  
  36  3:18  Queen  
  38  3:20  Drone x3  
  38  3:21  Overlord  
  38  3:23  Drone  
  38  3:27  Drone  
  43  3:28  Drone  
  44  3:38  Overlord  
  46  3:42  Drone x2  
  46  3:47  Zergling x4, Roach Warren  
  47  3:52  Drone x3  
  50  3:58  Overlord  
  50  4:03  Drone x2  
  50  4:04  Drone  
  50  4:05  Extractor  
  50  4:06  Zergling x4, Extractor  
  53  4:10  Overlord  
  53  4:13  Drone  
  53  4:14  Zergling x2  
  55  4:23  Zergling x4  
  57  4:30  Lair  
  57  4:31  Zergling x8  
  61  4:35  Spore Crawler  
  60  4:41  Roach x3  
  60  4:43  Roach  
  60  4:44  Zergling x8  
  72  4:51  Roach  
  74  4:54  Overlord  
  74  4:55  Overlord  
  74  5:04  Overlord  
  74  5:13  Zergling x16  
  82  5:20  Overlord  
  82  5:27  Ravager x4  
  86  5:29  Zergling x2  
  86  5:30  Zergling x8  
  86  5:31  Ravager  
  92  5:37  Zergling x8  
  92  5:38  Zergling x4  
  92  5:39  Overseer  
  98  5:44  Zergling x2  
  98  5:45  Zergling x8  
  102  5:51  Zergling x6